Map: Central Protocol

Players

Happy

  • Race: Terran Terran
  • League: Grandmaster

hydra - Winner!

  • Race: Zerg Zerg
  • League: Master

Event: 2016 WCS Winter Circuit Championship

VOD

https://www.youtube.com/watch?v=tunL6AhWkUw

Description

Time

  • Played on: March 2, 2016, 4:27 p.m.
  • Length: 15:43

All games in this series

Show
View Real Time Build Order
Export as new Build Order

Happy Terran 

Build Orders: Liberator Opening, Reaper Expand, MMM Bio 

Get SALT Encoding   

  12  0:00  SCV  
  13  0:12  SCV  
  14  0:17  Supply Depot  
  14  0:24  SCV  
  15  0:38  SCV  
  15  0:39  Barracks  
  16  0:44  Refinery  
  16  0:50  SCV  
  17  1:03  SCV  
  18  1:15  SCV  
  19  1:27  Orbital Command, Reaper  
  20  1:40  Command Center  
  20  1:45  Refinery  
  20  1:52  SCV  
  21  1:56  Supply Depot  
  21  2:04  SCV  
  22  2:09  Factory  
  22  2:16  Barracks Reactor  
  22  2:17  SCV  
  23  2:29  SCV  
  24  2:44  SCV  
  25  2:51  Orbital Command  
  25  2:56  Starport  
  25  2:59  Hellion x2, Marine  
  25  3:01  SCV  
  31  3:15  Supply Depot  
  31  3:17  SCV  
  31  3:19  Marine  
  32  3:21  Hellion, SCV  
  32  3:27  Armory  
  36  3:29  SCV  
  36  3:32  Hellion  
  39  3:35  Medivac  
  39  3:40  SCV  
  42  3:46  Hellion  
  42  3:47  Supply Depot  
  44  3:49  SCV  
  44  3:50  Marine  
  44  3:51  Liberator  
  46  3:56  Bunker  
  46  4:00  SCV  
  46  4:02  SCV  
  48  4:05  Supply Depot  
  51  4:14  SCV  
  52  4:17  Supply Depot, Marine  
  52  4:18  Factory Tech Lab  
  52  4:21  SCV  
  54  4:25  Marine  
  54  4:26  SCV  
  56  4:39  Siege Tank  
  56  4:40  SCV  
  56  4:41  Liberator  
  55  4:57  Marine x2  
  55  4:59  SCV  
  52  5:03  SCV  
  52  5:04  Supply Depot, Command Center  
  53  5:11  SCV  
  53  5:13  Siege Tank  
  57  5:15  SCV  
  57  5:16  Barracks  
  58  5:22  Refinery  
  58  5:23  Refinery, SCV  
  58  5:27  SCV, Barracks  
  60  5:35  SCV  
  60  5:39  SCV  
  62  5:45  Starport Reactor  
  62  5:46  Marine x2  
  62  5:48  SCV  
  65  5:50  Engineering Bay  
  65  5:51  Engineering Bay, SCV  
  65  5:55  Siege Tank  
  69  6:00  SCV  
  69  6:04  SCV  
  71  6:05  Marine x2, Barracks Tech Lab  
  72  6:12  SCV  
  72  6:13  Supply Depot  
  72  6:16  SCV  
  74  6:21  Barracks Tech Lab  
  74  6:23  Marine x2  
  75  6:27  Siege Tank  
  75  6:29  SCV x2  
  75  6:30  Terran Infantry Armor Level 1, Marine, Terran Infantry Weapons Level 1  
  78  6:34  Stimpack  
  78  6:38  Barracks x2  
  78  6:44  SCV  
  78  6:46  Combat Shields  
  78  6:47  SCV, Marine  
  78  6:48  Marine  
  81  6:55  Barracks  
  81  6:56  Supply Depot  
  81  6:57  SCV  
  81  6:59  SCV  
  81  7:00  Orbital Command  
  80  7:10  Marine  
  80  7:12  Medivac x2  
  80  7:15  Marine x2  
  84  7:17  SCV  
  84  7:20  Supply Depot  
  84  7:22  SCV  
  88  7:23  Orbital Command  
  88  7:29  Marine  
  91  7:35  Barracks Reactor x2  
  89  7:38  SCV x2, Missile Turret  
  89  7:39  Supply Depot  
  89  7:41  Missile Turret, Marine x2  
  89  7:42  Medivac  
  95  7:47  Marine x2  
  95  7:48  Medivac  
  95  7:50  SCV  
  100  7:54  Marine  
  100  7:56  Missile Turret  
  101  7:59  Marauder  
  101  8:00  Siege Tank, Marine  
  101  8:01  SCV  
  101  8:02  SCV  
  101  8:05  Marauder  
  112  8:09  Bunker  
  112  8:11  Barracks Tech Lab  
  112  8:12  Medivac, Marine  
  114  8:13  Supply Depot, SCV  
  114  8:17  Marine  
  114  8:18  Refinery  
  114  8:19  Marine  
  116  8:20  Marine x2  
  116  8:21  Marauder  
  116  8:24  Marine  
  116  8:26  Marauder  
  124  8:30  Marine  
  124  8:37  Medivac, Marine  
  124  8:38  Marine  
  124  8:41  Marine x2  
  128  8:42  Marauder, Medivac  
  128  8:48  Marauder x2  
  138  8:50  Marine x2  
  138  8:55  Terran Infantry Weapons Level 2, Marine x2  
  141  9:04  Terran Infantry Armor Level 2  
  141  9:08  Supply Depot x2  
  141  9:10  Supply Depot, SCV  
  141  9:11  Marauder x3  
  141  9:13  Missile Turret, Bunker  
  141  9:14  Marine  
  141  9:15  Refinery  
  149  9:25  Marine  
  149  9:26  Marine  
  149  9:27  Marine  
  149  9:28  Marine x2  
  149  9:30  SCV x2  
  144  9:32  Marauder x2, Marine x2  
  148  9:43  Marine  
  148  9:44  Marine x2  
  138  9:50  Marauder  
  135  9:54  Marauder  
  137  10:00  Marine  
  137  10:01  Marauder, Marine  
  137  10:02  Siege Tank  
  137  10:06  Marine x3  
  147  10:11  Marauder  
  146  10:15  Marauder  
  146  10:16  Marine  
  147  10:23  Marauder  
  147  10:24  Marine x2  
  150  10:33  Marauder  
  123  10:38  Marine x3  
  123  10:39  Marauder  
  123  10:40  Marine  
  123  10:41  Marine  
  123  10:42  Medivac  
  122  10:44  Marauder, Marine  
  124  10:54  Marauder  
  124  10:56  Marine x3  
  129  10:58  Marine  
  129  10:59  Medivac, Marine  
  129  11:00  Marauder  
  135  11:05  Marauder  
  138  11:11  SCV  
  138  11:15  Marauder, Command Center  
  138  11:16  Starport  
  138  11:17  Marine  
  141  11:21  Marauder  
  141  11:23  Liberator  
  142  11:26  Marine  
  142  11:27  Marauder, Marine x2  
  146  11:36  Marine  
  146  11:37  Marauder  
  147  11:42  Marine x2  
  147  11:43  Marauder  
  147  11:45  Liberator, Terran Infantry Weapons Level 3  
  152  11:48  Marauder  
  154  11:58  Marauder  
  155  12:03  Marine x2  
  155  12:04  Marauder  
  165  12:09  Marauder  
  165  12:11  Marine x2  
  167  12:18  Marine  
  167  12:20  Marauder, Starport Reactor  
  167  12:23  Medivac  
  167  12:26  Marauder  
  167  12:28  Liberator  
  171  12:31  Marauder  
  171  12:36  Liberator  
  173  12:39  SCV, Barracks, Marine x2  
  173  12:40  SCV  
  173  12:41  Ghost Academy, Marauder  
  173  12:43  Marine  
  178  12:47  Marauder  
  182  12:52  Marauder  
  186  12:59  Marine x3  
  186  13:03  Liberator  
  188  13:05  Liberator  
  188  13:11  Liberator  
  187  13:19  Liberator  
  169  13:37  Marine  
  169  13:38  Marauder  
  169  13:39  Marauder, Marine  
  169  13:40  Marine x2  
  160  13:46  Marine  
  160  13:47  Marauder  
  155  13:49  Liberator  
  155  13:52  Planetary Fortress  
  155  13:56  Marine  
  155  14:02  Missile Turret  
  156  14:09  SCV  
  160  14:10  Liberator, SCV, Marine x2  
  160  14:14  Barracks Tech Lab  
  151  14:27  Liberator  
  151  14:29  Ghost x2  
  151  14:30  Liberator  
  157  14:32  Liberator, Refinery  
  157  14:33  Refinery  
  157  14:50  Orbital Command  
  86  15:08  Ghost x2  
  86  15:11  Marine x2  
  86  15:12  Marauder  
  94  15:15  Marine x2  
Show
View Real Time Build Order
Export as new Build Order

hydra Zerg - Winner!

Build Orders: Hatch First 

Get SALT Encoding   

  12  0:00  Drone  
  13  0:12  Overlord  
  13  0:16  Drone  
  14  0:30  Drone x2  
  14  0:34  Drone  
  17  0:52  Hatchery  
  17  0:54  Drone  
  17  0:57  Drone  
  18  1:04  Extractor  
  17  1:13  Spawning Pool  
  17  1:16  Drone  
  17  1:19  Drone  
  18  1:28  Drone  
  19  1:38  Overlord  
  19  2:01  Queen  
  19  2:02  Zergling x4  
  19  2:03  Queen  
  19  2:04  Zergling x2  
  19  2:06  Metabolic Boost  
  26  2:11  Drone  
  26  2:15  Drone  
  28  2:22  Drone  
  29  2:27  Drone  
  30  2:32  Drone  
  30  2:36  Queen  
  30  2:41  Overlord  
  32  2:44  Drone  
  32  2:48  Zergling x2  
  34  2:55  Drone  
  34  2:58  Drone  
  36  3:04  Drone  
  37  3:08  Drone  
  37  3:09  Drone x3  
  40  3:13  Roach Warren  
  40  3:16  Drone  
  40  3:17  Drone  
  40  3:19  Drone  
  42  3:21  Drone  
  42  3:26  Overlord  
  43  3:39  Hatchery  
  42  3:43  Overlord  
  42  3:46  Drone x2  
  42  3:48  Drone  
  44  3:53  Overlord  
  44  4:01  Overlord  
  44  4:04  Roach x2  
  44  4:06  Roach x2  
  51  4:13  Roach  
  51  4:16  Zergling x2  
  51  4:17  Zergling x8  
  56  4:19  Zergling x2  
  56  4:21  Drone  
  60  4:24  Lair  
  60  4:26  Drone, Extractor x2  
  60  4:30  Drone x2  
  61  4:44  Drone  
  58  4:49  Drone  
  58  4:51  Drone  
  58  4:52  Drone x4  
  62  4:53  Drone x3  
  62  4:56  Drone  
  66  5:07  Hatchery, Ravager x3  
  65  5:10  Overlord  
  65  5:11  Evolution Chamber  
  65  5:12  Evolution Chamber  
  66  5:21  Overlord  
  66  5:23  Overseer  
  66  5:30  Drone  
  66  5:34  Drone x3  
  71  5:35  Drone  
  71  5:38  Zerg Missile Weapons Level 1, Zerg Ground Armor Level 1  
  71  5:40  Drone x3  
  74  5:46  Extractor  
  74  5:47  Roach  
  75  5:51  Overlord x2  
  75  5:55  Drone  
  75  5:56  Glial Reconstitution, Spore Crawler x2  
  74  6:00  Drone  
  74  6:03  Drone  
  76  6:13  Roach x5  
  86  6:23  Drone  
  81  6:26  Drone x2  
  81  6:28  Queen  
  81  6:30  Drone x2  
  81  6:32  Drone x2  
  87  6:33  Drone  
  81  6:42  Drone x2  
  81  6:43  Drone x2  
  84  6:49  Drone x3  
  84  6:52  Drone  
  84  6:59  Roach x3  
  89  7:06  Drone  
  89  7:08  Drone  
  91  7:09  Drone  
  91  7:11  Overlord x2  
  91  7:12  Drone  
  91  7:15  Drone  
  93  7:17  Drone  
  93  7:18  Drone  
  93  7:20  Ravager x2  
  93  7:21  Tunneling Claws  
  93  7:22  Burrow  
  97  7:24  Overlord  
  97  7:25  Drone  
  97  7:27  Drone  
  97  7:29  Extractor  
  98  7:30  Extractor  
  98  7:32  Drone  
  98  7:34  Zerg Missile Weapons Level 2  
  98  7:40  Drone  
  98  7:42  Overlord x2  
  98  7:44  Roach x3  
  105  7:46  Drone  
  105  7:50  Drone  
  107  7:54  Drone x2  
  107  7:58  Roach x4  
  117  8:03  Drone x2  
  117  8:04  Zergling x2  
  120  8:06  Roach x2  
  120  8:11  Overlord  
  124  8:16  Zerg Ground Armor Level 2  
  124  8:20  Hatchery, Overlord  
  124  8:24  Overlord  
  123  8:29  Roach  
  123  8:30  Roach x4  
  123  8:34  Roach x2  
  135  8:35  Roach  
  135  8:37  Ravager  
  135  8:40  Roach x2  
  142  8:42  Spore Crawler  
  142  8:45  Roach x10  
  142  8:47  Roach  
  142  8:48  Roach x3  
  149  8:56  Overlord x3  
  149  8:57  Roach x9  
  149  9:01  Roach x4  
  149  9:08  Roach x2  
  153  9:15  Infestation Pit  
  150  9:20  Overlord  
  150  9:21  Overlord  
  150  9:30  Roach x8  
  160  9:39  Queen  
  160  9:41  Drone  
  157  9:47  Drone  
  157  9:51  Infestor x3  
  158  9:53  Hive  
  158  9:55  Roach  
  158  9:56  Roach x8  
  158  9:59  Ravager  
  176  10:00  Ravager x2  
  176  10:04  Ravager  
  176  10:06  Roach x3  
  184  10:12  Roach x3  
  186  10:18  Drone  
  186  10:19  Roach x2  
  187  10:22  Ravager  
  187  10:26  Roach x2  
  187  10:27  Roach x3  
  198  10:32  Roach x3  
  180  10:42  Drone, Zerg Melee Weapons Level 1  
  179  10:43  Drone  
  179  10:45  Extractor  
  179  10:46  Extractor  
  169  10:57  Drone  
  169  10:59  Infestor  
  172  11:08  Ultralisk Cavern, Spore Crawler  
  170  11:15  Zerg Ground Armor Level 3  
  170  11:16  Drone  
  170  11:33  Overlord  
  170  11:37  Ravager x6  
  174  11:40  Hatchery, Roach x4  
  174  11:43  Drone  
  174  11:44  Drone  
  174  11:45  Spine Crawler  
  174  11:46  Zergling x20, Spine Crawler, Roach  
  174  11:47  Zergling x6  
  192  11:53  Overlord  
  192  11:54  Chitinous Plating  
  192  12:08  Ultralisk  
  193  12:24  Roach x3  
  191  12:36  Ultralisk  
  197  12:39  Zerg Melee Weapons Level 2  
  197  12:51  Spire  
  197  12:53  Hatchery  
  178  13:29  Ultralisk x4  
  190  13:37  Ultralisk x2  
  189  13:41  Ultralisk x2  
  189  13:44  Drone x3  
  193  13:58  Ravager x3  
  193  13:59  Ravager x3  
  196  14:22  Drone x2  
  198  14:30  Zergling x4  
  174  14:57  Extractor  
  161  15:00  Extractor  
  161  15:01  Ultralisk x3  
  161  15:03  Zergling x14  
  161  15:04  Zergling x22  
  188  15:16  Drone x8  
  188  15:21  Drone x5  
Tags
 
Add a new tag
Caveats
  • Supply blocks, unpowered buildings, or Contaminate may cause inaccurate times.
  • Supply counts are checked every 10 seconds.